 Dungeon Crawl Stone Soup version 0.31-a0-1236-gaa9e43cceb (webtiles) character file.

Game seed: 14738497899933860234

11828 machnette the Brawler (level 11, -8/91 HPs)
             Began as a Minotaur Gladiator on Dec 15, 2023.
             Was a Priest of Makhleb.
             Killed from afar by Azrael (13 damage)
             ... with a bolt of fire
             ... on level 12 of the Dungeon.
             The game lasted 00:42:38 (9650 turns).

machnette the Brawler (Minotaur Gladiator)          Turns: 9650, Time: 00:42:38

Health: -8/91      AC: 21    Str: 19    XL:     11   Next: 54%
Magic:  11/11      EV:  8    Int:  5    God:    Makhleb [***...]
Gold:   725        SH:  0    Dex: 16    Spells: 10/10 levels left

rFire   . .          .
                       - Unarmed
rCold   . . .        (no shield)
rNeg    . . .        v - +1 plate armour
rPois   .            b - +0 hat
rElec   .            f - +0 cloak
rCorr   +            (no gloves)
SInv    .            (no boots)
Will    .....        (no amulet) Stlth
                     p - +4 ring of protection
HPRegen 0.35/turn    A - ring of resist corrosion
MPRegen 0.12/turn

%: no passive effects
@: mighty
A: horns 2, retaliatory headbutt
a: Renounce Religion, Minor Destruction, Lesser Servant of Makhleb


You were on level 12 of the Dungeon.
You worshipped Makhleb.
Makhleb was most pleased with you.
You visited 2 branches of the dungeon, and saw 13 of its levels.

You collected 725 gold pieces.

Inventory:

Missiles
 c - 4 throwing nets
 d - a javelin
 j - 6 datura-tipped darts (quivered)
 m - 9 curare-tipped darts
 q - 8 poisoned darts
 x - 2 boomerangs
Armour
 b - a +0 hat (worn)
 f - a +0 cloak (worn)
 v - a +1 plate armour (worn)
Jewellery
 o - a ring of protection from cold
 p - a +4 ring of protection (left hand)
 t - an amulet of reflection
 A - a ring of resist corrosion (right hand)
Wands
 k - a wand of mindburst (10)
 r - a wand of polymorph (6)
 w - a wand of iceblast (13)
 B - a wand of digging (4)
 C - a wand of flame (9)
Scrolls
 a - a scroll of teleportation
 e - 9 scrolls of identify
 g - a scroll of torment
 h - 3 scrolls of amnesia
 i - a scroll of enchant weapon
 l - a scroll of poison
 s - a scroll of fear
 u - a scroll of vulnerability
 y - a scroll of blinking
Potions
 n - 2 potions of curing


   Skills:
 + Level 6.5 Fighting
 + Level 3.3 Throwing
 + Level 11.1 Armour
 - Level 3.2 Dodging
 + Level 16.1 Unarmed Combat
 + Level 1.7 Invocations


You had 10 spell levels left.
You didn't know any spells.
Your spell library contained the following spells:

 Spells                   Type           Power      Damage    Failure   Level
 Kiss of Death            Conj/Necr      0%         2d5       100%        1
 Poisonous Vapours        Pois/Air       0%         N/A       100%        2
 Sublimation of Blood     Necr           0%         N/A       100%        2
 Wereblood                Tmut           0%         N/A       100%        2
 Confusing Touch          Hex            0%         N/A       100%        3
 Mephitic Cloud           Conj/Pois/Air  0%         N/A       100%        3
 Volatile Blastmotes      Fire/Tloc      0%         2d10      100%        3
 Dispel Undead            Necr           0%         3d6       100%        4
 Fulminant Prism          Conj/Hex       0%         3d5       100%        4
 Iskenderun's Mystic Bla  Conj/Tloc      0%         2d3       100%        4
 Olgreb's Toxic Radiance  Pois           0%         N/A       100%        4
 Freezing Cloud           Conj/Ice/Air   0%         6-21      100%        5
 Summon Hydra             Summ           0%         N/A       100%        7
 Discord                  Hex            0%         N/A       100%        8
 Ignition                 Fire           0%         3d3       100%        8


Dungeon Overview and Level Annotations

Branches:
Dungeon (12/15)            Temple (1/1) D:5
   Lair: D:8-11         Orc: D:9-12

Altars:
Ashenzari
Cheibriados
Dithmenos
Elyvilon
Fedhas
Gozag
Hepliaklqana
Kikubaaqudgha
Makhleb
Nemelex Xobeh
Okawaru
Qazlal
Ru
Sif Muna
Trog
Uskayaw
Vehumet
Wu Jian
Xom
Yredelemnul
Zin
The Shining One

Shops:
D:12 (

Annotations:
D:12 Azrael


Innate Abilities, Weirdness & Mutations

You have a pair of horns on your head.
You reflexively headbutt those who attack you in melee.


Message History

You hear a bark!
Azrael gestures at you. The bolt of fire hits you!
You punch Azrael!
Azrael is lightly wounded.
You hear a bark!
Azrael hits you with a +3 scimitar of flaming.
Azrael burns you.
You hit Azrael but do no damage. You headbutt Azrael.
Azrael is lightly wounded.
You barely miss Azrael. You punch Azrael.
Azrael is lightly wounded.
Azrael gestures at you.
The sphere of damnation explodes!
The damnation engulfs you!!
The damnation engulfs Azrael.
Azrael completely resists.
You hear a shout! x2
You punch Azrael!
Azrael is moderately wounded.
Azrael hits you with a +3 scimitar of flaming!
Azrael burns you.
You pummel Azrael!! You headbutt Azrael.
Azrael is heavily wounded.
You completely miss Azrael. You headbutt Azrael, but do no damage.
Azrael is heavily wounded.
Azrael hits you with a +3 scimitar of flaming!!
* * * LOW HITPOINT WARNING * * *
Azrael burns you.
* * * LOW HITPOINT WARNING * * *
It was a potion of might.
You feel very mighty all of a sudden.
Azrael hits you with a +3 scimitar of flaming!
* * * LOW HITPOINT WARNING * * *
Azrael burns you.
* * * LOW HITPOINT WARNING * * *
A hell hound comes into view.
You pummel Azrael!! You headbutt Azrael.
Azrael is severely wounded.
Azrael gestures at you. The bolt of fire hits you!
You die...

###..#......#
#.....##..
##.########
#.....##..
#...###
#.........
###...#
#....###..
###.###
###### #..
#)..# ###
###.## #..#
##@# #R#


.Ch ##.## #.. ### You could see Azrael, a cyclops and a hell hound.

Vanquished Creatures
  2 two-headed ogres
  A boulder beetle (D:12)
  A deep elf pyromancer (D:12)
  The ghost of leebro123 the Insei, a novice OpSh of Gozag (D:4)
  2 trolls
  4 slime creatures
  A vampire (D:9)
  2 wyverns (D:9)
  12 yaks
  The ghost of Fandomethor the Sneak, an amateur SpEn (D:3)
  A fire elemental (D:12)
  5 vampire mosquitoes (D:12)
  Edmund (D:5)
  An acid dragon (D:9)
  A hell hound (D:12)
  A hornet zombie (D:5)
  A black bear (D:7)
  A sky beast (D:7)
  3 orc warriors
  2 ice beasts (D:5)
  5 centaurs
  4 kobold brigands
  9 phantoms
  3 bullfrogs
  5 scorpions
  2 water moccasin zombies (D:5)
  4 wights
  2 water moccasin skeletons (D:5)
  5 killer bees (D:8)
  5 howler monkeys (D:8)
  2 electric eels (D:9)
  4 bullfrog zombies (D:5)
  2 centaur zombies (D:5)
  4 hounds
  5 orc priests
  A centaur skeleton (D:5)
  A gnoll bouda (D:6)
  5 jellies (D:8)
  A sleepcap (D:4)
  3 iguanas
  17 orc wizards
  A hound skeleton (D:5)
  A howler monkey zombie (D:5)
  9 gnolls
  9 adders
  A shadow imp (D:6)
  2 white imps
  3 ufetubi (D:6)
  An adder skeleton (D:5)
  An adder zombie (D:5)
  5 worms
  A dart slug (D:1)
  30 orcs
  3 bats
  11 endoplasms
  3 giant cockroaches
  5 goblins
  8 hobgoblins
  A quokka (D:5)
  6 ball pythons
  2 frilled lizards (D:2)
  15 kobolds
  8 rats
  A butterfly (D:1)
260 creatures vanquished.

Notes
Turn   | Place    | Note
-------+----------+-------------------------------------------
     0 | D:1      | machnette the Minotaur Gladiator began the quest for the
                  | Orb.
     0 | D:1      | Reached XP level 1. HP: 18/18 MP: 0/0
   192 | D:1      | Reached XP level 2. HP: 25/25 MP: 1/1
   359 | D:1      | Found a faded altar of an unknown god.
   581 | D:2      | Reached skill level 4 in Unarmed Combat
   607 | D:2      | Reached XP level 3. HP: 29/30 MP: 2/2
   647 | D:2      | Reached skill level 1 in Armour
   783 | D:2      | Reached XP level 4. HP: 21/38 MP: 3/3
  1224 | D:3      | Reached skill level 5 in Unarmed Combat
  1301 | D:3      | Found a runed translucent door.
  1301 | D:3      | Noticed Fandomethor's ghost (amateur SpEn)
  1329 | D:3      | Killed Fandomethor's ghost
  1330 | D:3      | Reached skill level 6 in Unarmed Combat
  1330 | D:3      | Reached XP level 5. HP: 30/45 MP: 4/4
  1589 | D:3      | Reached XP level 6. HP: 45/51 MP: 5/5
  2273 | D:4      | Reached skill level 7 in Unarmed Combat
  2515 | D:4      | Found a runed translucent gate.
  2516 | D:4      | Found a runed translucent gate.
  2517 | D:4      | Found a runed translucent gate.
  2519 | D:4      | Noticed leebro123's ghost (novice OpSh)
  2559 | D:4      | Killed leebro123's ghost
  2560 | D:4      | Reached skill level 8 in Unarmed Combat
  2560 | D:4      | Reached XP level 7. HP: 23/58 MP: 6/6
  3071 | D:4      | Found a sacrificial altar of Ru.
  3130 | D:5      | Entered Level 5 of the Dungeon
  3153 | D:5      | Reached skill level 5 in Armour
  3182 | D:5      | Reached XP level 8. HP: 61/66 MP: 7/7
  3225 | D:5      | Reached skill level 9 in Unarmed Combat
  3309 | D:5      | Noticed Edmund
  3317 | D:5      | Killed Edmund
  3557 | D:5      | Reached skill level 10 in Unarmed Combat
  3903 | D:5      | Reached skill level 5 in Fighting
  4024 | D:5      | Reached skill level 11 in Unarmed Combat
  4037 | D:5      | Reached XP level 9. HP: 68/74 MP: 8/8
  4109 | D:5      | Found a staircase to the Ecumenical Temple.
  4168 | Temple   | Entered the Ecumenical Temple
  4312 | Temple   | Became a worshipper of Makhleb the Destroyer
  4633 | D:6      | Found an iron altar of Okawaru.
  4736 | D:6      | Reached skill level 12 in Unarmed Combat
  5149 | D:6      | Reached * piety under Makhleb
  5232 | D:6      | Reached skill level 13 in Unarmed Combat
  5264 | D:6      | Found a snail-covered altar of Cheibriados.
  5667 | D:7      | Reached XP level 10. HP: 83/83 MP: 9/9
  5776 | D:7      | Found a shimmering blue altar of Sif Muna.
  5968 | D:7      | Identified the +1 dagger of Salt {venom, *Corrode rN+ Str+3
                  | Dex+5}
  6174 | D:7      | Found a bloodstained altar of Trog.
  6241 | D:8      | Noticed a two-headed ogre
  6251 | D:8      | Killed a two-headed ogre
  6400 | D:8      | Reached skill level 14 in Unarmed Combat
  6802 | D:8      | Found a white marble altar of Elyvilon.
  6802 | D:8      | Found a basalt altar of Yredelemnul.
  6802 | D:8      | Found an iron altar of Okawaru.
  6802 | D:8      | Found a shimmering blue altar of Sif Muna.
  6802 | D:8      | Found a radiant altar of Vehumet.
  6802 | D:8      | Found an ornate altar of the Wu Jian Council.
  6810 | D:8      | Reached ** piety under Makhleb
  7118 | D:8      | Identified the +0 pair of boots of the Harvest Moon
                  | {Rampage rF- Int+6 SInv}
  7637 | D:8      | Found a sparkling altar of Nemelex Xobeh.
  7921 | D:9      | Reached skill level 15 in Unarmed Combat
  7932 | D:9      | Reached skill level 10 in Armour
  7932 | D:9      | Reached XP level 11. HP: 78/89 MP: 10/10
  8822 | D:10     | Entered Level 10 of the Dungeon
  8835 | D:10     | Noticed a two-headed ogre
  8847 | D:10     | Killed a two-headed ogre
  9021 | D:10     | Found a hide-covered altar of Uskayaw.
  9028 | D:10     | Found an ornate altar of the Wu Jian Council.
  9085 | D:12     | HP: 2/85 [orc priest/divine providence (16)]
  9089 | D:12     | Reached skill level 1 in Invocations
  9094 | D:12     | HP: 2/87 [orc priest/+0 trident (3)]
  9462 | D:12     | Noticed a deep elf pyromancer
  9464 | D:12     | Noticed a boulder beetle
  9466 | D:12     | Found Rogro's Weapon Shop.
  9481 | D:12     | Killed a deep elf pyromancer
  9482 | D:12     | Reached skill level 16 in Unarmed Combat
  9485 | D:12     | Reached *** piety under Makhleb
  9518 | D:12     | Killed a boulder beetle
  9631 | D:12     | Noticed Azrael
  9650 | D:12     | Killed from afar by Azrael

Illustrated notes

Levels and vault maps discovered:
D:1:      nicolae_arrival_washed_ashore, layout_rooms,
          hellmonk_ecumenical_altar_run_dry, hangedman_glass_garden,
          minmay_cupped
D:2:      layout_rooms, small_statue_intersection
D:3:      layout_basic, hellmonk_ghost_happy_afterlife
D:4:      layout_cave_pods, nicolae_overflow_hidden_temple,
          gammafunk_ghost_split
D:5:      nicolae_cairo_tiling_large, layout_basic, temple_doors_e,
          serial_undead, serial_undead_b, serial_undead_f, serial_undead_d,
          serial_undead_a, serial_undead_e, serial_undead_f, serial_undead_c,
          minmay_fractal_squares_gapless_5, uniq_edmund
D:6:      layout_cave_pools, mainiacjoe_overflow_brackets,
          mainiacjoe_overflow_tiny_flanked, nzn_random_ring
D:7:      layout_loops_ring, mainiacjoe_overflow_alcove_1, led_sif_book,
          supply_closet_lemuel
D:8:      cheibrodos_fertilizer, layout_basic, kennysheep_mini_moat,
          serial_library_hellmonk_hallway_b, kennysheep_generic_room_3
D:9:      layout_rooms, serial_bayou_ford_a
D:10:     lemuel_slime, layout_loops_ring, mainiacjoe_overflow_big_doors
D:11:     layout_basic, grunt_lair_entry_orc_guard_hut
D:12:     layout_basic, david_orc_1_choice, serial_shops, shop, uniq_azrael
Temple:   nicolae_temple_two_arcs

Skill      XL: |  1  2  3  4  5  6  7  8  9 10 11 |
---------------+----------------------------------+-----
Unarmed Combat | 4 6 8 11 13 15 16 | 16.1
Armour         | 1 3 4 5 6 8 10 11 | 11.1
Fighting       | 3 4 5 6 |  6.5
Throwing       | 3 |  3.3
Invocations    | 1 |  1.7
Dodging        | |  3.2

Action                     |  1- 3 |  4- 6 |  7- 9 | 10-12 || total
---------------------------+-------+-------+-------+-------++-------
  Melee: Unarmed           |    70 |   138 |   321 |   289 ||   818
         Headbutt          |    13 |    28 |    76 |    61 ||   178
         Punch             |     2 |    10 |    23 |    30 ||    65
  Throw: Throwing net      |       |     1 |       |       ||     1
         Dart              |       |       |       |    17 ||    17
         Javelin           |       |       |       |     1 ||     1
 Invoke: Minor Destruction |       |       |       |     7 ||     7
  Evoke: Wand              |       |       |       |     7 ||     7
    Use: Potion            |       |     3 |     2 |     3 ||     8
         Scroll            |       |       |     8 |     5 ||    13
   Stab: Sleeping          |       |     1 |       |       ||     1
 Armour: Leather armour    |    29 |    86 |    25 |       ||   140
         Plate armour      |       |       |   303 |   282 ||   585
  Dodge: Dodged            |    33 |    66 |   111 |    74 ||   284

Table legend: (Time is in decaauts)
 A = Elapsed time spent in this place.
 B = Non-inter-level travel time spent in this place.
 C = Inter-level travel time spent in this place.
 D = Time resting spent in this place.
 E = Time spent auto-exploring this place.
 F = Levels seen in this place.
 G = Mean time per level.
                   A        B        C        D        E       F      G
               +--------+--------+--------+--------+--------+-----+--------+
         Total |   9501 |   9254 |    247 |   1518 |   5544 |  13 |  730.8 |
       Dungeon |   9347 |   9108 |    239 |   1482 |   5544 |  12 |  778.9 |
        Temple |    153 |    145 |      8 |     36 |      0 |   1 |  153.0 |
               +--------+--------+--------+--------+--------+-----+--------+

Top non-repeatable levels by time:
     D:8: 1569 daAuts
     D:5: 1277 daAuts
     D:4: 1235 daAuts
     D:9: 1007 daAuts
     D:6: 881 daAuts
     D:7: 702 daAuts
     D:3: 671 daAuts
     D:2: 633 daAuts
    D:12: 577 daAuts
     D:1: 569 daAuts
    D:10: 216 daAuts
  Temple: 153 daAuts
    D:11: 6 daAuts
